 Dungeon Crawl Stone Soup version 0.18.1-48-g4cf74bf (webtiles) character file.

233436 Alarkh the Spear-Bearer (level 18, 0/134 HPs)
             Began as a Mummy Skald on July 17, 2016.
             Was an Initiate of Gozag.
             Killed by angry trees
             ... awakened by a spriggan druid
              (12 damage)
             ... on level 4 of the Swamp.
             The game lasted 01:48:16 (42758 turns).

Alarkh the Spear-Bearer (Mummy Skald)              Turns: 42758, Time: 01:48:16

Health: 0/134      AC: 20    Str: 20    XL:     18   Next: 41%
Magic:  25/32      EV: 15    Int: 22    God:    Gozag
Gold:   3892       SH:  9    Dex: 12    Spells: 5 memorised, 23 levels left

rFire  x . .     SeeInvis .     a - +4 demon trident (elec)
rCold  + . .     Gourm    .     Q - +1 ring mail of the Alphagorgon {rC- Regen+ Int+5}
rNeg   + + +     Faith    .     c - +0 buckler
rPois  ∞         Spirit   .     A - +2 hat {rC+}
rElec  .         Dismiss  .     k - +2 cloak {+Inv}
rCorr  .         Reflect  +     m - +2 pair of gloves {Str+3}
SustAt .         Harm     .     Z - +2 pair of boots {run}
MR     ++...                    u - +3 amulet of reflection
Stlth  +.........               f - ring of flight
                                x - +4 ring of slaying

@: gold aura, flying, very slightly contaminated, hasted, repel missiles, very
quick, very resistant to hostile enchantments, very unstealthy
A: no food or potions, fire vulnerability, cold resistance 1, negative energy
resistance 3, torment resistance, unbreathing, in touch with death 1, restore
body
a: Self-Restoration, Potion Petition, Call Merchant, Bribe Branch, Renounce
Religion, Evoke Invisibility, Stop Flying
}: 2/15 runes: decaying, gossamer


You were on level 4 of the Swamp.
You worshipped Gozag.
Gozag was noncommittal.
You were not hungry.

You visited 6 branches of the dungeon, and saw 34 of its levels.
You also visited: Labyrinth and Ice Cave.

You collected 15460 gold pieces.
You spent 5526 gold pieces at shops.
You paid 6042 gold pieces to Gozag.

Inventory:

Hand Weapons
 a - a +4 demon trident of electrocution (weapon)
 b - the +8 autumn katana {slice, Clar}
   (You bought it in a shop on level 13 of the Dungeon)

   It inflicts extra damage upon your enemies.
   It protects you against confusion.
 w - the +6 trident of Satyriasis {freeze, rC+}
   (You found it on level 2 of the Lair of Beasts)

   It has been specially enchanted to freeze those struck by it, causing extra
   injury to most foes and up to half again as much damage against particularly
   susceptible opponents.
   It can also slow down cold-blooded creatures.
   It protects you from cold.
Missiles
 y - 4 throwing nets (quivered)
Armour
 c - a +0 buckler (worn)
 d - a pearl dragon hide
 k - a +2 cloak of invisibility (worn)
 m - a +2 pair of gloves of strength (worn)
 A - a +2 hat of cold resistance (worn)
 H - a +1 large shield of fire resistance
 Q - the +1 ring mail of the Alphagorgon (worn) {rC- Regen+ Int+5}
   (You found it on level 3 of the Lair of Beasts)

   It affects your intelligence (+5).
   It makes you vulnerable to cold.
   It increases your rate of regeneration.
 W - the +0 Maxwell's etheric cage {RegenMP+ *Contam rElec MP+4}
   (You found it on level 3 of the Lair of Beasts)

   It insulates you from electricity.
   It affects your magic capacity (+4).
   It causes magical contamination when unequipped.
 Z - a +2 pair of boots of running (worn)
Magical Staves
 D - an uncursed staff of earth
 F - an uncursed staff of cold
Rods
 J - a +3 rod of inaccuracy (13/13)
   (You found it on level 3 of the Swamp)
Jewellery
 f - a ring of flight (right hand)
 i - an uncursed ring of see invisible
 u - a +3 amulet of reflection (around neck)
 x - a +4 ring of slaying (left hand)
 L - a +5 ring of strength
 N - an uncursed ring of resist corrosion
 O - an uncursed ring of teleportation
Wands
 j - a wand of lightning (9/15)
 n - a wand of teleportation (7/9)
 p - a wand of teleportation (7/9)
 q - a wand of teleportation (5/9)
 z - a wand of paralysis (9/24)
 G - a wand of slowing (15/48)
 P - a wand of disintegration (6/24)
 R - a wand of enslavement (17/24)
 X - a wand of digging (12/24)
Scrolls
 e - 8 scrolls of magic mapping
 g - a scroll of brand weapon
 h - a scroll of silence
 l - 3 scrolls of enchant armour
 o - 6 scrolls of fog
 r - 7 scrolls of recharging
 s - 12 scrolls of remove curse
 v - 9 scrolls of identify
 B - 6 scrolls of fear
 E - a scroll of blinking
 K - 3 scrolls of teleportation
 M - 2 scrolls of amnesia
Books
 I - a book of Cantrips

   Spells                             Type                      Level
   a - Corona                         Hexes                        1
   b - Animate Skeleton               Necromancy                   1
   c - Summon Small Mammal            Summoning                    1
   d - Apportation                    Translocation                1
 S - a book of Ice

   Spells                             Type                      Level
   a - Ice Form                       Ice/Transmutation            4
   b - Metabolic Englaciation         Hexes/Ice                    5
   c - Ozocubu's Refrigeration        Ice                          6
   d - Bolt of Cold                   Conjuration/Ice              6
   e - Freezing Cloud                 Conjuration/Ice/Air          6
   f - Simulacrum                     Ice/Necromancy               6
Miscellaneous
 t - a plain deck of changes {Fortitude}
 C - a phantom mirror


   Skills:
 - Level 10.0 Fighting
 * Level 6.1 Long Blades
 - Level 14.0 Polearms
 - Level 9.3 Armour
 - Level 9.0 Dodging
 - Level 9.7 Shields
 + Level 10.4 Spellcasting
 * Level 10.4 Charms
 * Level 10.9 Air Magic


You had 23 spell levels left.
You knew the following spells:

 Your Spells              Type           Power        Failure   Level  Hunger
a - Spectral Weapon       Hex/Chrm       ####....     3%          3    N/A
c - Infusion              Chrm           ####         1%          1    N/A
d - Repel Missiles        Chrm/Air       ######       1%          2    N/A
e - Shroud of Golubria    Chrm/Tloc      ####......   1%          2    N/A
f - Haste                 Chrm           ######..     21%         6    N/A

Dungeon Overview and Level Annotations

Branches:
Dungeon (15/15)            Temple (1/1) D:4            Lair (8/8) D:11
  Swamp (4/4) Lair:4       Spider (4/4) Lair:4        Slime (0/6) Lair:8
    Orc (2/2) D:10            Elf (0/3) Orc:2        Vaults (0/5) D:13
 Depths (0/5) D:15

Altars:
Ashenzari
Cheibriados
Dithmenos
Elyvilon
Fedhas
Gozag
Kikubaaqudgha
Makhleb
Nemelex Xobeh
Okawaru
Pakellas
Qazlal
Ru
Sif Muna
Trog
Vehumet
Xom
Yredelemnul
Zin
The Shining One
Beogh
Jiyva

Shops:
D:6 :   D:13 (   Orc:2 (%:[%:?   Lair:1 [[([(

Annotations:
Lair:5 exclusion: 4 oklob plants
Swamp:4 Lernaean hydra


Innate Abilities, Weirdness & Mutations

You do not eat or drink.
Your flesh is vulnerable to fire.
You are immune to poison.
Your flesh is cold resistant.
You are immune to negative energy.
You are immune to unholy pain and torment.
You can survive without breathing.
You are in touch with the powers of death.
You can restore your body by infusing magical energy.


Message History

The eight-headed hydra bites you.
* * * LOW HITPOINT WARNING * * *
A tree reaches out and hits you!
* * * LOW HITPOINT WARNING * * *
The eight-headed hydra is distracted by the nearby gold.
The eight-headed hydra is no longer distracted by gold.
You are hit by a branch!
* * * LOW HITPOINT WARNING * * *
You hear a crashing sound.
The swamp drake breathes noxious fumes at you.
The five-headed hydra is distracted by the nearby gold.
The five-headed hydra roars!
Trunks creak and shift.
You hear a crashing sound.
The five-headed hydra is distracted by the nearby gold.
The five-headed hydra roars!
The five-headed hydra is no longer distracted by gold.
A tree reaches out and hits you!
You die...
Your body crumbles into a pile of gold.

♣♣♣♣♣ ♣
♣♣♣♣♣♣♣♣♣♣♣♣♣♣♣ ♣≈≈.♣
≈≈♣♣♣♣§...♣♣.....♣.♣♣
.≈≈≈♣
≈≈.≈≈..≈≈.≈≈.≈≈.≈≈.≈♣
..≈.♣
≈..≈≈≈.≈≈≈..[..≈≈...♣
...♣♣
≈.♣♣♣♣≈≈≈≈....♣.)≈..♣♣
.♣♣♣ .
♣≈<....§≈.♣♣..≈..♣ .♣
♣♣@≈≈≈.≈≈≈♣♣.≈..♣♣ .♣
≈ ♣♣♣♣..≈≈≈≈≈....≈≈.≈♣
♣♣ ≈≈
♣♣♣≈.≈§..≈≈≈≈≈.≈.≈♣♣≈♣
.♣♣♣♣.≈≈
♣..≈....≈≈≈≈≈≈≈.≈♣♣
≈≈♣ .≈♣..≈≈≈
♣≈..§§D♣≈♣♣♣≈♣≈≈♣♣ ≈≈♣
.≈≈..≈≈≈.♣♣.≈§§§.♣♣
♣.≈♣ ≈≈≈
.≈≈.♣..≈♣♣♣..§i§.♣♣
♣≈≈♣ ≈♣ .♣..♣
♣.≈♣.§≈≈D≈≈♣≈≈≈♣♣♣♣
≈♣♣♣♣♣♣♣.≈.≈D§D≈≈≈≈♣


You could see an eight-headed hydra, a five-headed hydra and a spriggan druid.

Vanquished Creatures
  Arachne (Spider:2)
  Jorgrun (Spider:2)
  Rupert (Spider:1)
  Kirke (D:14)
  The ghost of Trampli the Brawler, a journeyman TrMo of Trog (Swamp:2)
  A thorn hunter (Swamp:3)
  A frost giant (IceCv)
  Wiglaf (Spider:3)
  Maud (Orc:1)
  7 emperor scorpions
  Aizul (Swamp:1)
  3 ghost moths (Spider:4)
  Azrael (D:14)
  The ghost of Ferkelamun the Severer, a journeyman MiBe of Trog (IceCv)
  An ettin (Orc:2)
  A vault guard (D:13)
  A fire dragon (D:15)
  The ghost of sarahorange the Whirler, a journeyman HaHu of Okawaru (Orc:1)
  18 hydras
  A minotaur (Lab)
  An entropy weaver (Spider:4)
  An ice dragon (D:15)
  3 ghost crabs
  2 centaur warriors
  Erica (D:11)
  The ghost of Wardy the Impaler, a journeyman DsGl of Nemelex Xobeh (D:12)
  A catoblepas (Lair:7)
  5 alligators
  A death knight (D:15)
  3 ogre magi
  A tengu warrior (D:13)
  An orc high priest (Orc:2)
  2 death yaks (Lair:4)
  11 skeletal warriors
  13 swamp dragons
  An unseen horror (D:14)
  2 deep trolls (Orc:2)
  An orc knight (D:15)
  A phantasmal warrior (D:15)
  A shambling mangrove (Swamp:3)
  8 hill giants
  A deep elf mage (D:13)
  16 orb spiders
  28 wolf spiders
  6 cyclopes
  3 griffons
  3 oklob plants
  26 ugly things
  3 moths of wrath
  A manticore (D:12)
  28 elephants
  4 hornets
  4 black mambas
  Psyche (D:8)
  Maurice (D:13)
  A molten gargoyle (Lair:5)
  An ice statue (IceCv)
  2 centaur skeletons
  10 gargoyles
  16 komodo dragons
  2 freezing wraiths (D:15)
  17 spiny frogs
  10 demonic crawlers
  4 torpor snails
  2 rime drakes
  A tengu conjurer (D:15)
  5 spriggan druids
  14 trolls
  6 giant leeches
  28 jumping spiders
  21 polar bears
  Prince Ribbit (D:6)
  2 bog bodies
  A boulder beetle (Lair:7)
  11 two-headed ogres
  11 blink frogs
  18 slime creatures
  58 redbacks
  23 tarantellas
  55 yaks
  13 spriggans
  2 shadows
  A vampire (D:13)
  3 water elementals
  A centaur simulacrum (D:15)
  3 hungry ghosts
  8 basilisks
  2 wyverns
  3 wraiths
  12 hippogriffs
  4 hogs (D:14)
  2 fire elementals (D:14)
  11 vampire mosquitoes
  18 swamp worms
  A mottled dragon (D:13)
  8 insubstantial wisps
  30 water moccasins
  A soldier ant (D:14)
  5 wargs
  3 hell hounds (D:14)
  24 orc warriors
  10 porcupines
  An eye of draining (D:14)
  5 black bears
  10 ice beasts
  7 swamp drakes
  3 sky beasts
  25 ogres
  42 wolves
  23 wasps
  A phantom (D:11)
  A necrophage (D:10)
  7 centaurs
  2 big kobolds
  18 crocodiles
  20 giant frogs
  A wyvern zombie (D:13)
  9 scorpions
  20 killer bees
  6 wights
  2 howler monkeys
  11 electric eels
  8 crimson imps
  A centaur zombie (D:8)
  4 lava snakes (Lab)
  10 hounds
  4 jellies
  15 orc priests
  23 orc wizards
  5 gnoll shamans
  6 iguanas
  9 worker ants
  22 sheep
  2 hound zombies
  2 hound skeletons
  A howler monkey zombie (D:7)
  3 worker ant zombies
  39 gnolls
  63 river rats
  28 adders
  A shadow imp (D:11)
  An ooze (D:1)
  An adder skeleton (D:7)
  4 worms
  A dart slug (D:1)
  6 giant geckos
  100 orcs
  2 giant cockroaches
  6 goblins
  10 hobgoblins
  26 jackals
  4 quokkas
  4 ball pythons
  6 bats
  A giant gecko skeleton (D:7)
  3 giant newts
  2 jackal zombies
  7 kobolds
  A quokka zombie (D:1)
  12 rats
  2 briar patches (Swamp:3)
  A plant (Lair:7)
1376 creatures vanquished.

Vanquished Creatures (collateral kills)
  An orc warrior (D:6)
1 creature vanquished.

Vanquished Creatures (others)
  A tengu conjurer (D:13)
  A swamp drake (Swamp:1)
  2 orcs
  A giant newt (Lair:4)
  A briar patch (Swamp:3)
  A butterfly (Lair:4)
  31 fungi
  13 plants
  71 spectral weapons
122 creatures vanquished.

Grand Total: 1499 creatures vanquished

Notes
Turn   | Place    | Note
--------------------------------------------------------------
     0 | D:1      | Alarkh the Mummy Skald began the quest for the Orb.
     0 | D:1      | Reached XP level 1. HP: 16/16 MP: 3/3
   163 | D:1      | Reached skill level 2 in Polearms
   341 | D:1      | Reached XP level 2. HP: 19/22 MP: 3/5
  1049 | D:2      | Reached XP level 3. HP: 13/27 MP: 0/6
  1445 | D:2      | Learned a level 2 spell: Shroud of Golubria
  1449 | D:2      | Learned a level 3 spell: Spectral Weapon
  1751 | D:3      | Reached skill level 3 in Polearms
  1751 | D:3      | Reached XP level 4. HP: 33/33 MP: 2/7
  1927 | D:3      | Found a stormy altar of Qazlal.
  2882 | D:3      | Reached XP level 5. HP: 38/38 MP: 2/9
  3190 | D:4      | Found a staircase to the Ecumenical Temple.
  3246 | D:4      | Found a bloodstained altar of Trog.
  3279 | Temple   | Entered the Ecumenical Temple
  3373 | Temple   | Became a worshipper of Gozag Ym Sagoz the Greedy
  3935 | D:4      | Reached skill level 4 in Polearms
  4175 | D:4      | Reached XP level 6. HP: 44/44 MP: 2/10
  4230 | D:4      | Found a glowing silver altar of Zin.
  4662 | D:5      | Entered Level 5 of the Dungeon
  4816 | D:5      | Reached XP level 7. HP: 39/50 MP: 5/12
  4967 | D:5      | Reached skill level 5 in Polearms
  6082 | D:6      | Reached XP level 8. HP: 34/56 MP: 8/14
  6092 | D:6      | Reached skill level 6 in Polearms
  6597 | D:6      | Reached skill level 5 in Spellcasting
  6612 | D:6      | Reached skill level 5 in Charms
  6898 | D:6      | Found Xuphouru's Book Shoppe.
  6901 | D:6      | Bought a book of Air for 490 gold pieces
  6904 | D:6      | Learned a level 2 spell: Repel Missiles
  7312 | D:6      | Reached skill level 7 in Polearms
  7398 | D:6      | Noticed Prince Ribbit
  7413 | D:6      | Killed Prince Ribbit
  7413 | D:6      | Reached XP level 9. HP: 29/61 MP: 4/17
  8253 | D:7      | Reached skill level 8 in Polearms
  8434 | D:7      | Found a burning altar of Makhleb.
  8434 | D:7      | Found a blossoming altar of Fedhas.
  8749 | D:8      | Noticed Psyche
  8844 | D:9      | Found an iron altar of Okawaru.
  8989 | D:9      | Found a white marble altar of Elyvilon.
  9013 | D:9      | Reached skill level 9 in Polearms
  9343 | D:9      | Found a radiant altar of Vehumet.
  9727 | D:8      | Killed Psyche
  9727 | D:8      | Reached XP level 10. HP: 64/67 MP: 10/19
 10132 | D:8      | Reached skill level 10 in Polearms
 10241 | D:10     | Entered Level 10 of the Dungeon
 10251 | D:10     | Identified the Handbook of Scorching Attacks
 10280 | D:10     | Reached skill level 1 in Armour
 10280 | D:10     | Reached skill level 1 in Dodging
 10454 | D:10     | Noticed a white ugly thing
 10460 | D:10     | HP: 3/68 [white ugly thing (11)]
 10466 | D:10     | Killed a white ugly thing
 10714 | D:10     | Found a staircase to the Orcish Mines.
 11386 | D:11     | Noticed a hill giant
 12159 | D:11     | Noticed Erica
 12172 | D:11     | Killed Erica
 12172 | D:11     | Reached skill level 11 in Polearms
 12172 | D:11     | Reached XP level 11. HP: 76/77 MP: 5/20
 12278 | D:11     | Killed a hill giant
 12370 | D:11     | Noticed a cyan ugly thing
 12388 | D:11     | Killed a cyan ugly thing
 12833 | D:11     | Found a blossoming altar of Fedhas.
 13013 | D:11     | Reached skill level 5 in Fighting
 13030 | D:11     | Found a staircase to the Lair.
 13169 | Lair:1   | Entered Level 1 of the Lair of Beasts
 13401 | Lair:1   | Noticed a five-headed hydra
 13700 | Lair:2   | Got a faintly glowing trident
 13701 | Lair:2   | Identified the +6 trident of Satyriasis {freeze, rC+} (You found it on level 2 of the Lair of Beasts)
 13905 | Lair:2   | Noticed a griffon
 14599 | Lair:1   | Noticed a four-headed hydra
 14605 | Lair:1   | Killed a four-headed hydra
 14664 | Lair:1   | Killed a five-headed hydra
 14684 | Lair:1   | Reached skill level 12 in Polearms
 15185 | Lair:1   | Reached XP level 12. HP: 62/88 MP: 11/21
 15555 | Lair:2   | Reached skill level 5 in Dodging
 15570 | Lair:2   | Reached skill level 5 in Armour
 17615 | Lair:3   | Got a pitted ring mail
 17626 | Lair:3   | Identified the +1 ring mail of the Alphagorgon {rC- Regen+ Int+5} (You found it on level 3 of the Lair of Beasts)
 17849 | Lair:4   | Found a hole to the Spider Nest.
 18103 | Lair:4   | Reached skill level 13 in Polearms
 18127 | Lair:4   | Noticed a death yak
 18129 | Lair:4   | Noticed a death yak
 18141 | Lair:4   | Killed a death yak
 18292 | Lair:4   | Killed a death yak
 18292 | Lair:4   | Gained mutation: You are in touch with the powers of death. [Mummy growth]
 18292 | Lair:4   | Gained mutation: You can restore your body by infusing magical energy. [Mummy growth]
 18292 | Lair:4   | Reached XP level 13. HP: 64/98 MP: 12/22
 18694 | Lair:4   | Found a staircase to the Swamp.
 21627 | Lair:7   | Found a labyrinth entrance.
 21655 | Lab      | Entered a labyrinth
 21871 | Lab      | Noticed a minotaur
 21882 | Lab      | Killed a minotaur
 21882 | Lab      | Reached skill level 14 in Polearms
 21885 | Lab      | Got an ancient glaive {drain}
 22311 | Lab      | Identified a scroll of acquirement
 22357 | Lab      | Identified the +8 glaive "Cieded" {drain, rF+} (You took it off a minotaur in a labyrinth)
 22359 | Lab      | Reached XP level 14. HP: 93/108 MP: 23/23
 22564 | Lair:7   | Reached skill level 1 in Air Magic
 23636 | Lair:8   | Entered Level 8 of the Lair of Beasts
 23650 | Lair:8   | Found a viscous altar of Jiyva.
 23651 | Lair:8   | Found a staircase to the Slime Pits.
 24233 | Lair:8   | Reached skill level 10 in Fighting
 24467 | Lair:8   | Reached skill level 5 in Air Magic
 24591 | Lair:8   | Got a pitted executioner's axe
 24592 | Lair:8   | Identified the cursed +2 executioner's axe of Cowardice {freeze, Int+3} (You found it on level 8 of the Lair of Beasts)
 24794 | Lair:1   | Bought a bloodstained ring mail for 297 gold pieces
 24804 | Lair:1   | Identified the cursed +1 ring mail of Agoraphobia {Str+4} (You bought it in a shop on level 1 of the Lair of Beasts)
 24822 | Lair:1   | Bought a +1 pair of boots of running for 547 gold pieces
 24920 | Orc:1    | Entered Level 1 of the Orcish Mines
 25051 | Orc:1    | Noticed Maud
 25211 | Orc:1    | Killed Maud
 25431 | Orc:2    | Entered Level 2 of the Orcish Mines
 25465 | Orc:2    | Found Ingeliti's Book Emporium.
 25512 | Orc:1    | Noticed sarahorange's ghost (journeyman HaHu)
 25540 | Orc:1    | Killed sarahorange's ghost
 26103 | Orc:2    | Reached XP level 15. HP: 87/115 MP: 23/26
 26177 | Orc:2    | Found Aleff's Antique Armour Boutique.
 26182 | Orc:2    | Found Fanur's Magic Scroll Shop.
 26338 | Orc:2    | Found Qatzischi's Food Shop.
 26345 | Orc:2    | Found Romuysipt's Food Shoppe.
 26351 | Orc:2    | Found Tisotso's Antique Weapon Shop.
 26364 | Orc:2    | Found Xutag's Book Shoppe.
 26441 | Orc:2    | Found a staircase to the Elven Halls.
 26982 | Orc:2    | Bought a faintly glowing robe for 153 gold pieces
 26998 | Orc:2    | Bought a scroll of acquirement for 624 gold pieces
 27008 | Orc:2    | Identified the cursed +0 robe "Laejarok" {*Drain rC++ Dex+7} (You bought it in a shop on level 2 of the Orcish Mines)
 27151 | Lair:1   | Bought a +1 large shield of fire resistance for 247 gold pieces
 27294 | Orc:2    | Bought a scroll of identify for 24 gold pieces
 27294 | Orc:2    | Bought a scroll of identify for 24 gold pieces
 27294 | Orc:2    | Bought a scroll of identify for 24 gold pieces
 27294 | Orc:2    | Bought a scroll of identify for 24 gold pieces
 27295 | Orc:2    | Bought a scroll of enchant armour for 90 gold pieces
 27295 | Orc:2    | Bought a scroll of enchant armour for 90 gold pieces
 27305 | Orc:2    | Bought a book of Enchantments for 900 gold pieces
 27766 | D:12     | Noticed Wardy's ghost (journeyman DsGl)
 27876 | D:12     | Killed Wardy's ghost
 28179 | D:12     | Reached skill level 1 in Shields
 28773 | D:13     | Found a frozen archway.
 28818 | IceCv    | Entered an ice cave
 29003 | IceCv    | Noticed Ferkelamun's ghost (journeyman MiBe)
 29074 | IceCv    | Killed Ferkelamun's ghost
 29504 | IceCv    | Noticed a frost giant
 29525 | IceCv    | Killed a frost giant
 30342 | D:13     | Noticed Maurice
 30346 | D:13     | Killed Maurice
 30745 | D:13     | Found Juit's Antique Weapon Boutique.
 30813 | D:13     | Bought the +8 autumn katana {slice, Clar} for 1670 gold pieces
 30862 | D:13     | Found a gate to the Vaults.
 31771 | D:14     | Reached skill level 5 in Shields
 32086 | D:14     | Noticed Kirke
 32087 | D:14     | Reached XP level 16. HP: 99/122 MP: 24/28
 32095 | D:14     | Killed Kirke
 32690 | D:14     | Noticed Azrael
 32702 | D:14     | Killed Azrael
 33004 | D:15     | Entered Level 15 of the Dungeon
 34269 | D:15     | Found a staircase to the Depths.
 34609 | Lair:1   | Bought a +2 pair of gloves of strength for 322 gold pieces
 34670 | Lair:1   | Learned a level 6 spell: Haste
 34777 | Spider:1 | Entered Level 1 of the Spider Nest
 35080 | Spider:1 | Noticed Rupert
 35187 | Spider:1 | Killed Rupert
 35187 | Spider:1 | Reached skill level 1 in Long Blades
 35387 | Spider:1 | Found a roughly hewn altar of Beogh.
 35680 | Spider:2 | Noticed Arachne
 35728 | Spider:2 | Killed Arachne
 35861 | Spider:2 | Noticed Jorgrun
 36054 | Spider:2 | Reached XP level 17. HP: 122/128 MP: 28/30
 36297 | Spider:2 | Killed Jorgrun
 36762 | Spider:3 | Noticed Wiglaf
 37312 | Spider:3 | Killed Wiglaf
 38083 | Spider:4 | Entered Level 4 of the Spider Nest
 39496 | Spider:4 | Reached skill level 10 in Spellcasting
 39589 | Spider:4 | Reached skill level 10 in Air Magic
 39619 | Spider:4 | Got a gossamer rune of Zot
 39783 | Swamp:1  | Entered Level 1 of the Swamp
 40311 | Swamp:1  | Noticed Aizul
 40326 | Swamp:1  | Killed Aizul
 40559 | Swamp:2  | Got a distressingly furry ring mail
 40568 | Swamp:2  | Reached XP level 18. HP: 134/134 MP: 29/32
 40573 | Swamp:2  | Noticed Trampli's ghost (journeyman TrMo)
 40607 | Swamp:1  | Identified the cursed +1 ring mail "Weprok" {Str-4 Int-5 Dex+7 SInv} (You found it on level 2 of the Swamp)
 40917 | Swamp:2  | Reached skill level 5 in Long Blades
 41189 | Swamp:2  | Killed Trampli's ghost
 41404 | Swamp:3  | Identified a +3 rod of inaccuracy (13/13) (You found it on level 3 of the Swamp)
 41471 | Swamp:3  | Reached skill level 10 in Charms
 42143 | Swamp:4  | Entered Level 4 of the Swamp
 42190 | Swamp:4  | Got a transparent spear
 42191 | Swamp:4  | Identified the +10 spear of the Ships {pierce, Int+5} (You found it on level 4 of the Swamp)
 42343 | Swamp:4  | Noticed the 27-headed Lernaean hydra
 42665 | Swamp:4  | Got a decaying rune of Zot
 42758 | Swamp:4  | Killed from afar by a spriggan druid

Skill      XL: |  1  2  3  4  5  6  7  8  9 10 11 12 13 14 15 16 17 18 |
---------------+-------------------------------------------------------+-----
Polearms       | 2 3 4 5 7 9 11 12 13 14 | 14.0
Charms         | 3 4 5 6 7 9 10 | 10.4
Spellcasting   | 3 4 5 6 7 8 9 10 | 10.4
Armour         | 3 4 6 7 8 9 |  9.3
Dodging        | 3 4 6 7 8 9 |  9.0
Fighting       | 4 6 7 9 10 | 10.0
Air Magic      | 5 7 8 10 | 10.9
Shields        | 5 9 |  9.7
Long Blades    | 2 4 6 |  6.1

Action                   |  1- 3 |  4- 6 |  7- 9 | 10-12 | 13-15 | 16-18 || total
-------------------------+-------+-------+-------+-------+-------+-------++-------
Melee: Spear             |   126 |   258 |   420 |   377 |     4 |       ||  1185
       Trident           |       |       |    35 |   364 |  1664 |   355 ||  2418
       Demon trident     |       |       |       |       |       |   944 ||   944
       Katana            |       |       |       |       |       |    94 ||    94
 Cast: Infusion          |    15 |    29 |     8 |    11 |    11 |     7 ||    81
       Shroud of Golubri |     2 |    12 |    15 |    23 |    32 |    20 ||   104
       Spectral Weapon   |       |     3 |    44 |    64 |   167 |   172 ||   450
       Repel Missiles    |       |       |     1 |     2 |     5 |       ||     8
       Haste             |       |       |       |       |       |     3 ||     3
Invok: Potion Petition   |       |       |       |     1 |     1 |     2 ||     4
       Call Merchant     |       |       |       |     2 |     3 |       ||     5
 Abil: Evoke Flight      |       |       |       |     1 |     4 |    10 ||    15
       Stop Flying       |       |       |       |       |     3 |     2 ||     5
Evoke: Wand              |       |       |       |     4 |     6 |       ||    10
  Use: Scroll            |       |     5 |     7 |    12 |    22 |    19 ||    65
 Stab: Distracted        |       |       |     6 |    13 |    29 |    23 ||    71
       Held in net/web   |       |       |       |       |       |     1 ||     1
Armor: Leather armour    |    30 |    60 |    70 |    75 |       |       ||   235
       Ring mail         |       |       |       |    10 |   208 |   338 ||   556
Dodge: Dodged            |    70 |   112 |   138 |   226 |   457 |   505 ||  1508
       Deflected         |       |       |     4 |     3 |    28 |     8 ||    43
Block: Other             |       |       |       |       |    57 |    14 ||    71
       Buckler           |       |       |       |       |       |   292 ||   292
       Reflection        |       |       |       |       |       |     3 ||     3
